 Dungeon Crawl Stone Soup version 0.29-a0-700-g2f1814c7b2 (webtiles) character file.

Game seed: 14255496985911039103

102 DocClef the Shield-Bearer (level 4, -7/41 HPs)
             Began as a Gnoll Fighter on June 25, 2022.
             Killed by divine providence
             ... invoked by an orc priest
              (16 damage)
             ... on level 3 of the Dungeon.
             The game lasted 00:01:46 (1772 turns).

DocClef the Shield-Bearer (Gnoll Fighter)           Turns: 1772, Time: 00:01:47

Health: -7/41      AC:  7    Str: 17    XL:     4   Next: 77%
Magic:  5/5        EV:  9    Int:  7    God:
Gold:   120        SH:  5    Dex: 12    Spells: 5/5 levels left

rFire   . . .      SeeInvis .   a - +0 flail
rCold   . . .      Faith    .   c - +0 buckler
rNeg    . . .      Spirit   .   b - +0 scale mail
rPois   .          Reflect  .   (no helmet)
rElec   .          Harm     .   (no cloak)
rCorr   .          Rampage  .   (no gloves)
Will    .....                   (no boots)
Stlth   ..........              (no amulet)
HPRegen 0.13/turn               (no ring)
MPRegen 0.09/turn               (no ring)

@: brilliant
A: fangs 1, strong nose, distributed training
a: no special abilities


You were on level 3 of the Dungeon.
You visited 1 branch of the dungeon, and saw 3 of its levels.

You collected 120 gold pieces.

Inventory:

Hand Weapons
 a - a +0 flail (weapon)
Armour
 b - a +0 scale mail (worn)
 c - a +0 buckler (worn)
Scrolls
 e - 4 scrolls of identify {unknown}
 i - a scroll of enchant weapon {unknown}
Potions
 d - a potion of might


   Skills:
 + Level 6.6 Fighting
 + Level 1.2 Short Blades
 + Level 1.2 Long Blades
 + Level 1.2 Axes
 + Level 4.7 Maces & Flails
 + Level 1.2 Polearms
 + Level 1.2 Staves
 + Level 1.2 Slings
 + Level 1.2 Bows
 + Level 1.2 Crossbows
 + Level 1.2 Throwing
 + Level 6.6 Armour
 + Level 1.2 Dodging
 + Level 1.2 Stealth
 + Level 6.6 Shields
 + Level 1.2 Unarmed Combat
 + Level 1.2 Spellcasting
 + Level 1.0 Conjurations
 + Level 1.0 Hexes
 + Level 1.0 Summonings
 + Level 1.0 Necromancy
 + Level 1.0 Translocations
 + Level 1.0 Transmutations
 + Level 1.0 Fire Magic
 + Level 1.0 Ice Magic
 + Level 1.0 Air Magic
 + Level 1.0 Earth Magic
 + Level 1.0 Poison Magic
 + Level 1.3 Invocations
 + Level 1.2 Evocations


You had 5 spell levels left.
You didn't know any spells.
Your spell library was empty.

Dungeon Overview and Level Annotations

Branches:
Dungeon (3/15)

Altars:


Innate Abilities, Weirdness & Mutations

You have very sharp teeth.
Your uncanny sense of smell can sniff out nearby items.
Your experience applies equally to all skills.


Message History

Pain shoots through your body!
The orc priest looks satisfied for a moment.
The orc priest invokes the aid of Beogh against you.
Beogh smites you!
* * * LOW HITPOINT WARNING * * *
You are too injured to fight recklessly!
It was a potion of heal wounds.
You feel much better. The worm closely misses you.
You hit the worm. You bite the worm, but do no damage.
The worm is moderately wounded.
The orc priest looks satisfied for a moment.
You hit the worm but do no damage.
The worm is moderately wounded.
The worm barely misses you.
The orc priest calls down the wrath of Beogh upon you.
Beogh smites you!
* * * LOW HITPOINT WARNING * * *
You hit the worm.
The worm is heavily wounded.
The orc priest mumbles some strange prayers to Beogh against you.
Beogh smites you!
* * * LOW HITPOINT WARNING * * *
The worm barely misses you.
You sock the worm!
You kill the worm!
Unknown command.
It was a potion of brilliance.
You feel clever all of a sudden. The orc hits you but does no damage.
It was a potion of curing.
You feel better. The orc hits you but does no damage.
You hit the orc but do no damage. You bite the orc.
The orc is lightly wounded.
The orc hits you but does no damage.
The orc priest calls upon Beogh to heal the orc.
The orc's wounds heal themselves!
You block the orc's attack.
You barely miss the orc. The orc hits you but does no damage.
The orc priest invokes the aid of Beogh against you.
Beogh smites you!
You die...

#.......# #...<.
#.......# #.....
#.......# #.....
#
#.......####.....
#.
#................
#.
#.......####.....
#.. #####....#
###+##
###.o######....#
.
#...oo@).......#
#.#########....#
#....# #....#
#....# #....#
#....# ######


You could see 2 orc priests and an orc.

Vanquished Creatures
  3 adders
  2 worms
  2 dart slugs
  4 orcs (D:3)
  8 bats
  6 endoplasms
  11 goblins
  5 hobgoblins
  4 kobolds
  3 quokkas
  4 ball pythons (D:1)
  2 frilled lizards
  2 rats (D:2)
56 creatures vanquished.

Vanquished Creatures (others)
  A plant (D:2)
1 creature vanquished.

Grand Total: 57 creatures vanquished

Notes
Turn   | Place    | Note
-------+----------+-------------------------------------------
     0 | D:1      | DocClef the Gnoll Fighter began the quest for the Orb.
     0 | D:1      | Reached XP level 1. HP: 23/23 MP: 1/1
    24 | D:1      | Reached XP level 2. HP: 22/29 MP: 2/2
   168 | D:1      | You fall into a shaft and drop 1 floor!
   221 | D:2      | Reached XP level 3. HP: 32/35 MP: 3/3
   431 | D:1      | Reached skill level 1 in Invocations
   781 | D:1      | Reached skill level 1 in Short Blades
   781 | D:1      | Reached skill level 1 in Long Blades
   781 | D:1      | Reached skill level 1 in Axes
   781 | D:1      | Reached skill level 1 in Polearms
   781 | D:1      | Reached skill level 1 in Staves
   781 | D:1      | Reached skill level 1 in Slings
   781 | D:1      | Reached skill level 1 in Bows
   781 | D:1      | Reached skill level 1 in Crossbows
   781 | D:1      | Reached skill level 1 in Throwing
   781 | D:1      | Reached skill level 1 in Dodging
   781 | D:1      | Reached skill level 1 in Stealth
   781 | D:1      | Reached skill level 1 in Unarmed Combat
   781 | D:1      | Reached skill level 1 in Spellcasting
   781 | D:1      | Reached skill level 1 in Evocations
   971 | D:2      | Reached XP level 4. HP: 34/41 MP: 5/5
  1677 | D:3      | Reached skill level 1 in Conjurations
  1677 | D:3      | Reached skill level 1 in Hexes
  1677 | D:3      | Reached skill level 1 in Summonings
  1677 | D:3      | Reached skill level 1 in Necromancy
  1677 | D:3      | Reached skill level 1 in Translocations
  1677 | D:3      | Reached skill level 1 in Transmutations
  1677 | D:3      | Reached skill level 1 in Fire Magic
  1677 | D:3      | Reached skill level 1 in Ice Magic
  1677 | D:3      | Reached skill level 1 in Air Magic
  1677 | D:3      | Reached skill level 1 in Earth Magic
  1677 | D:3      | Reached skill level 1 in Poison Magic
  1772 | D:3      | Killed from afar by an orc priest

Illustrated notes

Levels and vault maps discovered:
D:1:      minmay_arrival_shoal_huts, layout_rooms, minmay_small_reverse_x
D:2:      layout_rooms, serial_forest, infiniplex_forest_corner_2,
          infiniplex_forest_straight_4, infiniplex_forest_lined_2,
          infiniplex_forest_end_1, infiniplex_forest_end_3,
          infiniplex_forest_clump_small, infiniplex_forest_lined_room_2,
          infiniplex_forest_clump_long, minmay_pentomino_x2
D:3:      layout_basic, nicolae_gozag_cash_rules_everything_around_me,
          uniq_grinder

Skill      XL: |  1  2  3  4 |
---------------+-------------+-----
Invocations    | 1 |  1.3
Short Blades   | 1 |  1.2
Long Blades    | 1 |  1.2
Axes           | 1 |  1.2
Polearms       | 1 |  1.2
Staves         | 1 |  1.2
Slings         | 1 |  1.2
Bows           | 1 |  1.2
Crossbows      | 1 |  1.2
Throwing       | 1 |  1.2
Dodging        | 1 |  1.2
Stealth        | 1 |  1.2
Unarmed Combat | 1 |  1.2
Spellcasting   | 1 |  1.2
Evocations     | 1 |  1.2
Conjurations   | 1 |  1.0
Hexes          | 1 |  1.0
Summonings     | 1 |  1.0
Necromancy     | 1 |  1.0
Translocations | 1 |  1.0
Transmutations | 1 |  1.0
Fire Magic     | 1 |  1.0
Ice Magic      | 1 |  1.0
Air Magic      | 1 |  1.0
Earth Magic    | 1 |  1.0
Poison Magic   | 1 |  1.0
Fighting       | |  6.6
Maces & Flails | |  4.7
Armour         | |  6.6
Shields        | |  6.6

Action                   |  1- 3 |  4- 6 || total
-------------------------+-------+-------++-------
Melee: Flail             |    95 |    52 ||   147
       Bite              |     5 |     8 ||    13
  Use: Potion            |       |     3 ||     3
Armor: Scale mail        |    40 |    25 ||    65
Dodge: Dodged            |    43 |    20 ||    63
Block: Buckler           |    35 |    14 ||    49

Table legend: (Time is in decaauts)
 A = Elapsed time spent in this place.
 B = Non-inter-level travel time spent in this place.
 C = Inter-level travel time spent in this place.
 D = Time resting spent in this place.
 E = Time spent auto-exploring this place.
 F = Levels seen in this place.
 G = Mean time per level.
                   A        B        C        D        E       F      G
               +--------+--------+--------+--------+--------+-----+--------+
         Total |   1803 |   1747 |     56 |      0 |   1417 |   3 |  601.0 |
       Dungeon |   1803 |   1747 |     56 |      0 |   1417 |   3 |  601.0 |
               +--------+--------+--------+--------+--------+-----+--------+

Top non-repeatable levels by time:
     D:2: 932 daAuts
     D:1: 711 daAuts
     D:3: 158 daAuts
